Map: Catalyst LE

Players

Scarlett - Winner!

  • Race: Zerg Zerg
  • Spawn Location: 11:00

sOs

  • Race: Protoss Protoss
  • Spawn Location: 5:00

Event: IEM Season 12 - PyeongChang

VOD

Have the link to the VOD?

Description

Time

  • Played on: Feb. 6, 2018, 11:21 p.m.
  • Length: 13:44

All games in this series

Show
View Real Time Build Order
Export as new Build Order

Scarlett Zerg - Winner!

Build Orders: 3 Hatch before Pool, Lurkers 

Get SALT Encoding   

  12  0:00  Drone  
  13  0:13  Overlord  
  13  0:17  Drone  
  14  0:31  Drone x2  
  16  0:37  Drone  
  17  0:47  Drone  
  18  1:06  Hatchery  
  17  1:18  Hatchery  
  16  1:20  Drone  
  16  1:24  Drone  
  18  1:29  Extractor  
  17  1:33  Drone  
  18  1:43  Spawning Pool  
  18  1:47  Drone  
  18  1:50  Drone  
  18  1:54  Drone  
  20  2:05  Drone  
  21  2:13  Evolution Chamber  
  21  2:18  Drone x2  
  24  2:31  Queen x2  
  24  2:32  Metabolic Boost  
  24  2:33  Overlord  
  28  2:38  Extractor  
  28  2:39  Zergling x2  
  28  2:40  Spore Crawler x2  
  28  2:41  Zergling x2  
  27  2:44  Zergling x2  
  31  2:53  Zergling x2  
  31  2:54  Drone  
  33  2:58  Zergling x2  
  34  3:06  Queen  
  35  3:15  Drone  
  35  3:19  Overlord  
  35  3:23  Queen  
  35  3:26  Evolution Chamber  
  34  3:28  Zergling x2  
  35  3:37  Zergling x2  
  35  3:38  Drone x2, Zergling x2  
  39  3:43  Drone  
  39  3:45  Drone  
  41  3:53  Drone  
  41  3:55  Zerg Melee Weapons Level 1  
  42  3:56  Overlord, Drone  
  43  4:09  Hatchery  
  42  4:13  Overlord, Drone  
  42  4:16  Zergling x2  
  45  4:17  Drone x4  
  48  4:25  Drone x2, Zergling x2  
  48  4:28  Overlord  
  48  4:31  Spore Crawler  
  50  4:32  Spore Crawler  
  49  4:42  Drone x5  
  54  4:47  Drone  
  55  4:53  Drone  
  55  4:58  Drone x3  
  55  4:59  Overlord  
  59  5:00  Extractor  
  59  5:01  Extractor  
  59  5:05  Lair  
  57  5:07  Baneling Nest  
  57  5:10  Drone x2  
  58  5:17  Drone x2  
  58  5:19  Drone x2  
  62  5:23  Queen  
  62  5:26  Zergling x2  
  62  5:27  Zergling x4  
  67  5:32  Roach Warren  
  67  5:35  Drone x3  
  70  5:38  Zergling x4  
  70  5:42  Spore Crawler, Zergling x2  
  71  5:43  Zergling x2  
  71  5:45  Zergling x2  
  72  5:50  Zergling x2  
  72  5:55  Zergling x2  
  72  5:56  Zergling x6  
  71  6:00  Overlord, Zergling x2  
  71  6:01  Zergling x4  
  71  6:11  Zergling x10  
  69  6:13  Zerg Missile Weapons Level 1  
  69  6:23  Drone  
  69  6:24  Drone x3  
  70  6:29  Glial Reconstitution  
  65  6:39  Drone  
  64  6:40  Drone x6  
  69  6:49  Roach x3  
  69  6:52  Roach  
  77  6:56  Roach x2  
  77  6:59  Overlord  
  81  7:07  Overlord  
  81  7:11  Overlord x3  
  81  7:18  Roach x4  
  89  7:27  Roach x4  
  97  7:31  Roach x4  
  97  7:35  Roach  
  97  7:36  Roach  
  109  7:45  Roach x5  
  117  7:52  Overlord  
  117  7:54  Roach x2  
  121  7:59  Overlord  
  121  8:04  Overlord x2  
  120  8:11  Ravager x2  
  120  8:12  Ravager x6  
  127  8:13  Zergling x4  
  127  8:15  Overlord  
  127  8:19  Zergling x12  
  133  8:28  Ravager  
  133  8:29  Zergling x8  
  133  8:30  Zergling x2  
  133  8:34  Zergling x6  
  134  8:35  Ravager x2  
  126  8:47  Zergling x4  
  108  9:00  Zergling x2  
  108  9:01  Queen, Zergling x16  
  108  9:02  Queen  
  107  9:03  Zerg Missile Weapons Level 2  
  100  9:13  Zergling x2  
  100  9:14  Zergling x4  
  93  9:17  Zergling x8  
  93  9:19  Drone  
  93  9:22  Drone  
  93  9:23  Drone x5  
  98  9:24  Hydralisk Den  
  98  9:31  Drone x2  
  96  9:35  Extractor  
  95  9:45  Hatchery, Drone x2  
  90  9:46  Drone x4  
  90  9:47  Drone  
  90  9:51  Drone  
  90  9:52  Extractor  
  90  9:53  Extractor  
  90  9:59  Drone x3  
  88  10:08  Drone x2  
  88  10:13  Drone x2  
  88  10:14  Drone x3  
  90  10:18  Grooved Spines, Drone  
  90  10:20  Lurker Den  
  88  10:22  Roach  
  88  10:23  Roach  
  92  10:30  Hydralisk x2  
  92  10:33  Hydralisk x3  
  92  10:34  Hydralisk x3  
  108  10:42  Hydralisk x2  
  108  10:43  Extractor x2  
  108  10:45  Overseer  
  108  10:48  Overlord  
  110  10:50  Hydralisk x3  
  110  10:56  Hydralisk x2  
  110  10:57  Zergling x2  
  121  11:02  Drone x2  
  121  11:03  Drone x5  
  128  11:09  Hydralisk x3  
  134  11:16  Drone x5  
  135  11:20  Zerg Melee Weapons Level 2  
  135  11:26  Hatchery, Hydralisk x3  
  135  11:32  Muscular Augments  
  140  11:38  Hydralisk x4  
  148  11:41  Zergling x4, Roach  
  148  11:46  Lurker x2  
  148  11:47  Lurker, Zergling x4  
  155  11:48  Zergling x2  
  157  12:01  Zergling x6  
  157  12:02  Zergling x12  
  166  12:12  Hydralisk  
  166  12:13  Zergling x2, Hydralisk x2  
  166  12:14  Zergling x4  
  175  12:17  Overlord x3  
  175  12:21  Infestation Pit  
  174  12:25  Overseer  
  174  12:38  Lurker  
  174  12:39  Lurker x7  
  174  12:43  Zergling x26  
  174  12:44  Zergling x12  
  198  12:52  Zergling x2  
  195  13:16  Zergling x2  
  195  13:17  Zergling x8  
  199  13:24  Zergling x6  
  195  13:35  Evolution Chamber  
Show
View Real Time Build Order
Export as new Build Order

sOs Protoss 

Build Orders: Oracle Opening, Chargelot Immortal 

Get SALT Encoding   

  12  0:00  Probe  
  13  0:12  Probe  
  14  0:20  Pylon  
  14  0:24  Probe  
  15  0:38  Probe (Chrono Boost)  
  16  0:44  Gateway  
  16  0:47  Assimilator, Probe (Chrono Boost)  
  17  0:53  Probe  
  18  1:05  Probe  
  19  1:17  Probe  
  20  1:29  Probe  
  20  1:30  Zealot (Chrono Boost)  
  23  1:33  Cybernetics Core  
  23  1:35  Pylon  
  23  1:53  Zealot (Chrono Boost), Probe  
  26  2:05  Probe  
  27  2:10  Warp Gate  
  27  2:16  Adept (Chrono Boost)  
  29  2:23  Nexus  
  29  2:28  Assimilator  
  29  2:34  Pylon  
  29  2:41  Adept  
  31  2:52  Probe  
  32  2:58  Stargate  
  32  3:05  Probe  
  33  3:17  Probe  
  33  3:18  Adept  
  32  3:29  Probe  
  33  3:39  Oracle (Chrono Boost)  
  33  3:40  Gateway  
  33  3:41  Probe  
  34  3:43  Probe  
  38  3:52  Twilight Council  
  38  3:53  Probe  
  40  3:55  Probe  
  40  4:01  Gateway  
  40  4:08  Phoenix  
  42  4:14  Probe x2  
  44  4:26  Resonating Glaives (Chrono Boost)  
  44  4:28  Probe x2  
  44  4:29  Pylon  
  46  4:39  Adept  
  46  4:40  Probe x2, Adept  
  52  4:47  Pylon  
  52  4:52  Probe x2  
  54  5:01  Adept  
  54  5:02  Adept x2  
  54  5:04  Probe  
  54  5:05  Pylon  
  61  5:13  Probe  
  62  5:16  Probe  
  63  5:24  Adept x3  
  63  5:25  Pylon  
  63  5:28  Assimilator  
  69  5:31  Assimilator  
  69  5:35  Probe x2  
  71  5:51  Probe x2  
  71  5:52  Robotics Facility  
  68  6:10  Nexus  
  64  6:13  Pylon  
  64  6:15  Probe  
  64  6:16  Probe  
  64  6:18  Robotics Facility  
  64  6:26  Sentry x2, Zealot  
  68  6:37  Probe x2  
  68  6:38  Immortal (Chrono Boost)  
  68  6:39  Gateway  
  64  6:41  Gateway  
  64  6:44  Shield Battery, Gateway  
  64  6:46  Pylon  
  64  6:51  Charge  
  64  6:53  Sentry, Zealot  
  68  6:58  Zealot  
  68  7:00  Probe x2  
  72  7:04  Immortal (Chrono Boost)  
  74  7:14  Immortal (Chrono Boost)  
  77  7:23  Probe x2  
  78  7:33  Immortal (Chrono Boost)  
  82  7:38  Forge  
  82  7:40  Immortal (Chrono Boost)  
  86  7:47  Probe x3  
  89  8:06  Zealot  
  89  8:08  Probe x3  
  89  8:10  Pylon  
  96  8:13  Immortal  
  96  8:14  Sentry, Zealot x3  
  96  8:18  Shield Battery  
  106  8:27  Zealot x2  
  98  8:35  Sentry x2  
  98  8:36  Sentry  
  97  8:43  Zealot  
  97  8:44  Probe  
  97  8:45  Pylon  
  92  8:50  Sentry, Zealot  
  82  8:58  Pylon  
  82  9:00  Zealot x3  
  82  9:02  Immortal (Chrono Boost)  
  74  9:13  Zealot  
  74  9:14  Zealot x2  
  58  9:30  Sentry x3  
  64  9:33  Immortal (Chrono Boost)  
  64  9:37  Zealot x3  
  68  9:52  Immortal (Chrono Boost)  
  60  9:53  Adept x2  
  60  9:59  Zealot x2  
  72  10:08  Zealot x2  
  72  10:13  Zealot  
  71  10:15  Protoss Ground Weapons Level 1 (Chrono Boost)  
  71  10:20  Templar Archives  
  69  10:23  Probe x2  
  69  10:24  Probe  
  69  10:27  Sentry  
  74  10:35  Warp Prism (Chrono Boost)  
  74  10:40  Probe  
  78  10:42  Probe  
  78  10:43  Probe  
  79  10:56  Pylon, High Templar  
  81  10:57  Zealot, High Templar x3  
  81  10:59  Zealot  
  81  11:01  Archon x2  
  91  11:13  Immortal (Chrono Boost)  
  91  11:20  Observer (Chrono Boost)  
  91  11:25  Probe x2  
  94  11:27  Assimilator x2  
  94  11:30  Zealot x4  
  102  11:36  Immortal (Chrono Boost)  
  106  11:45  Probe  
  107  11:47  Pylon  
  107  11:48  High Templar x2  
  107  11:52  Archon  
  111  12:04  Immortal (Chrono Boost)  
  115  12:14  Pylon  
  119  12:17  Oracle, Immortal (Chrono Boost)  
  120  12:29  Zealot x3  
  125  12:32  Zealot x3  
  131  12:42  Observer (Chrono Boost)  
  132  12:53  Photon Cannon  
  132  12:57  Pylon  
  132  12:58  Pylon  
  132  13:00  Pylon  
  124  13:06  High Templar x4  
  124  13:11  Archon x2  
  128  13:20  Zealot x2  

Tags
 
Add a new tag
Caveats
  • Supply blocks, unpowered buildings, or Contaminate may cause inaccurate times.
  • Supply counts are checked every 10 seconds.